Map: New Repugnancy LE

Players

SouLeer

  • Race: Zerg Zerg
  • Spawn Location: 7:00

JEROS - Winner!

  • Race: Terran Terran
  • Spawn Location: 1:00

Event: 2019 WCS Summer

VOD

Have the link to the VOD?

Description

Time

  • Played on: July 12, 2019, 8:56 a.m.
  • Length: 6:52

All games in this series

Show
View Real Time Build Order
Export as new Build Order

SouLeer Zerg 

Build Orders: Pool First 

Get SALT Encoding   

  12  0:00  Drone  
  13  0:12  Overlord  
  13  0:17  Drone  
  14  0:30  Drone x2  
  14  0:35  Drone, Extractor  
  16  0:46  Spawning Pool  
  15  0:51  Drone  
  15  0:56  Drone  
  17  1:19  Hatchery  
  16  1:32  Drone  
  17  1:33  Zergling x2  
  17  1:34  Zergling x2  
  19  1:41  Queen  
  21  1:48  Overlord  
  21  1:55  Drone  
  21  1:58  Metabolic Boost  
  23  2:08  Drone  
  23  2:17  Drone  
  23  2:18  Queen  
  26  2:27  Drone  
  27  2:33  Queen  
  27  2:34  Drone  
  29  2:38  Drone  
  30  2:46  Drone  
  31  2:52  Drone x3  
  34  3:03  Drone x2  
  36  3:07  Overlord, Spore Crawler  
  36  3:11  Drone  
  37  3:19  Overlord  
  37  3:25  Queen  
  39  3:31  Extractor  
  39  3:33  Drone x2  
  40  3:36  Drone  
  41  3:43  Drone x3, Hatchery  
  41  3:47  Drone x2  
  45  3:52  Drone  
  45  3:53  Overlord  
  47  3:59  Zergling x4  
  47  4:00  Baneling Nest  
  47  4:02  Zergling x2  
  49  4:07  Overlord  
  49  4:09  Queen  
  51  4:13  Drone x2  
  51  4:15  Zergling x2  
  51  4:16  Zergling x2  
  55  4:20  Drone  
  55  4:23  Overlord, Spore Crawler  
  55  4:28  Drone  
  56  4:32  Lair  
  56  4:34  Extractor  
  56  4:35  Zergling x6  
  58  4:40  Overlord  
  58  4:41  Zergling x2  
  58  4:43  Drone  
  58  4:45  Drone  
  61  4:55  Zergling x4  
  61  4:58  Drone x2  
  61  4:59  Queen, Spore Crawler  
  66  5:03  Overlord  
  66  5:07  Drone x4  
  66  5:12  Drone x2  
  72  5:14  Drone  
  72  5:18  Evolution Chamber  
  72  5:20  Drone, Evolution Chamber  
  72  5:21  Drone  
  72  5:24  Zergling x4  
  74  5:29  Zergling x6, Extractor  
  74  5:31  Drone  
  74  5:33  Overlord  
  77  5:40  Drone  
  78  5:45  Drone x3  
  78  5:48  Overseer  
  81  5:55  Zergling x2  
  81  5:56  Zergling x6  
  80  6:04  Zergling x6  
  80  6:06  Zergling x6  
  79  6:11  Zergling x2  
  79  6:12  Zergling x2  
  79  6:14  Zergling x4  
  79  6:15  Zergling x4  
  78  6:19  Zergling x6  
  83  6:27  Zergling x8  
  83  6:29  Zergling x2  
  83  6:31  Spore Crawler  
  74  6:33  Zergling x4  
Show
View Real Time Build Order
Export as new Build Order

JEROS Terran - Winner!

Build Orders: Hellion Opening, Reaper Expand 

Get SALT Encoding   

  12  0:01  SCV  
  13  0:13  SCV  
  14  0:17  Supply Depot  
  14  0:25  SCV  
  15  0:38  SCV  
  15  0:40  Barracks  
  16  0:44  Refinery  
  16  0:51  SCV  
  17  1:03  SCV  
  18  1:15  SCV  
  19  1:27  Orbital Command, Reaper  
  20  1:47  Command Center  
  20  1:55  Supply Depot  
  20  1:56  SCV  
  20  2:01  Marine  
  21  2:08  SCV  
  22  2:19  Refinery  
  22  2:20  Factory  
  22  2:23  SCV  
  22  2:25  Barracks Reactor  
  23  2:35  SCV  
  24  2:47  SCV  
  25  2:59  SCV  
  26  3:09  Orbital Command, Starport  
  26  3:10  Barracks Tech Lab  
  26  3:11  SCV  
  27  3:14  Orbital Command  
  27  3:15  Hellion x2  
  31  3:23  SCV  
  32  3:29  Orbital Command  
  32  3:36  SCV, Hellion x2  
  37  3:47  Viking  
  37  3:48  SCV  
  40  3:52  Fusion Core  
  40  3:58  Hellion x2  
  40  4:00  SCV x2  
  46  4:15  Supply Depot  
  46  4:16  Supply Depot  
  46  4:20  SCV  
  46  4:37  SCV x2, Hellion  
  46  4:38  Supply Depot, Hellion  
  52  4:40  Battlecruiser  
  52  4:43  Supply Depot  
  58  4:49  SCV x2  
  58  4:52  Armory  
  60  4:55  Barracks Tech Lab  
  60  5:01  SCV x2, Supply Depot  
  62  5:08  Hellion  
  62  5:09  Supply Depot  
  62  5:10  Hellion  
  62  5:13  SCV  
  67  5:14  SCV  
  68  5:25  SCV  
  68  5:26  SCV, Supply Depot  
  70  5:29  Hellion  
  70  5:32  Hellion  
  74  5:39  Command Center  
  74  5:50  Supply Depot  
  74  5:54  Hellion x2  
  84  5:58  SCV  
  85  6:09  SCV  
  85  6:10  SCV  
  87  6:15  Hellion x2  
  91  6:21  SCV  
  91  6:22  SCV  
  91  6:23  Refinery x2  
  91  6:24  Supply Depot  
  91  6:25  Factory  
  87  6:33  SCV  
  87  6:34  SCV  
  87  6:35  Factory  
Tags
 
Add a new tag
Caveats
  • Supply blocks, unpowered buildings, or Contaminate may cause inaccurate times.
  • Supply counts are checked every 10 seconds.